 Dungeon Crawl Stone Soup version 0.26.0-90-g5fd8617961 (webtiles) character file.

Game seed: 12587235538849245740

9914 oldmanjim the Cleaver (level 11, -1/104 HPs)
             Began as a Minotaur Berserker on Feb 1, 2021.
             Was a High Priest of Trog.
             Slain by a yak (7 damage)
             ... in an ice cave on Feb 2, 2021.
             The game lasted 00:54:33 (11444 turns).

oldmanjim the Cleaver (Minotaur Berserker)         Turns: 11444, Time: 00:54:34

Health: -1/104     AC: 14    Str: 25    XL:     11   Next: 29%
Magic:  10/10      EV: 11    Int:  4    God:    Trog [*****.]
Gold:   311        SH:  0    Dex: 10    Spells: 10/10 levels left

rFire    x x .     SeeInvis .   a - +7 battleaxe (flame)
rCold    + + .     Faith    .   (shield currently unavailable)
rNeg     . . .     Spirit   .   y - +0 chain mail
rPois    .         Reflect  .   (helmet restricted)
rElec    .         Harm     .   G - +0 cloak
rCorr    .         Rampage  .   o - +0 pair of gloves (curse)
Will     .....                  (no boots)
Stlth    ..........             M - amulet of the acrobat
HPRegen  0.27/turn              s - ring of ice
MPRegen  0.12/turn              C - ring of ice

@: no status effects
A: retaliatory headbutt, horns 2
a: Renounce Religion, Berserk, Trog's Hand, Brothers in Arms


You were in an ice cave.
You worshipped Trog.
Trog was extremely pleased with you.
You visited 1 branch of the dungeon, and saw 11 of its levels.
You also visited: Ice Cave.

You collected 500 gold pieces.
You spent 189 gold pieces at shops.

Inventory:

Hand Weapons
 a - a +7 battleaxe of flaming (weapon)
 b - a +1 hand crossbow
 c - a +1 flail of distortion
 R - a +1 shortbow of freezing
Missiles
 g - 103 stones
 i - 52 bolts
 j - 105 arrows
 x - 52 poisoned darts (quivered)
 A - 69 sling bullets
 H - 17 boomerangs
Armour
 o - a cursed +0 pair of gloves (worn)
 y - a +0 chain mail (worn)
 G - a +0 cloak (worn)
Jewellery
 s - a ring of ice (left hand)
 C - a ring of ice (right hand)
 I - an uncursed ring of stealth
 M - an amulet of the acrobat (around neck)
 Q - an uncursed ring of fire
Wands
 k - a wand of flame (18)
 E - a wand of acid (16)
 P - a wand of iceblast (5)
Scrolls
 f - 2 scrolls of immolation {unknown}
 l - 7 scrolls of teleportation
 m - a scroll of enchant weapon
 t - 4 scrolls of enchant armour {unknown}
 u - a scroll of fear {unknown}
 v - 6 scrolls of remove curse
 B - 2 scrolls of blinking {unknown}
 L - 2 scrolls of fog {unknown}
 N - a scroll of torment {unknown}
 S - a scroll of magic mapping
Potions
 d - 3 potions of flight
 e - 7 potions of might
 h - a potion of heal wounds
 n - 4 potions of lignification
 p - 3 potions of cancellation
 q - 3 potions of curing
 r - 4 potions of haste
 D - a potion of resistance
 F - a potion of invisibility
 K - a potion of mutation
Miscellaneous
 w - a condenser vane


   Skills:
 - Level 12.0 Fighting
 * Level 12.3 Axes
 + Level 9.9 Armour
 - Level 6.0 Dodging
 - Level 5.0 Evocations


You had 10 spell levels left.
You didn't know any spells.
Your spell library contained the following spells:

 Spells                   Type           Power        Failure   Level
 Magic Dart               Conj           0%           96%         1
 Shock                    Conj/Air       0%           96%         1
 Blink                    Tloc           N/A          99%         2
 Call Imp                 Summ           0%           99%         2
 Slow                     Hex            0%           99%         2
 Swiftness                Air            0%           99%         2
 Confusing Touch          Hex            0%           100%        3
 Conjure Flame            Conj/Fire      0%           100%        3
 Gell's Gravitas          Tloc           0%           100%        3
 Mephitic Cloud           Conj/Pois/Air  0%           100%        3
 Static Discharge         Conj/Air       0%           100%        3
 Airstrike                Air            0%           100%        4
 Petrify                  Tmut/Erth      0%           100%        4
 Lightning Bolt           Conj/Air       0%           100%        5
 Metabolic Englaciation   Hex/Ice        0%           100%        5
 Yara's Violent Unravell  Hex/Tmut       0%           100%        5


Dungeon Overview and Level Annotations

Branches:
Dungeon (11/15)            Temple (0/1) D:7            Lair (0/6) D:10
    Orc (0/2) D:11          IceCv (1/1)

Altars:
Nemelex Xobeh
Vehumet
The Shining One

Shops:
D:7 }   D:8 :(?=[


Innate Abilities, Weirdness & Mutations

You reflexively headbutt those who attack you in melee.
You have a pair of horns on your head.


Message History

You see here a wolf corpse.
You slice the yak!! You burn the yak.
You kill the yak!
Trog accepts your kill.
You closely miss the yak.
The wolf howls!
You hear a bellow!
A yak comes into view.
The yak barely misses you.
The yak bellows!
You slash the yak! You burn the yak!
The yak is heavily wounded.
You hit the wolf. You burn the wolf. The wolf bites you but does no damage.
The yak snorts and paws the ground.
The yak gores you!
* * * LOW HITPOINT WARNING * * *
The wolf bites you but does no damage.
You hit the yak. You burn the yak.
The yak is severely wounded.
You barely miss the wolf. The wolf barely misses you. The yak gores you!
You die...

###### #######....##
##.##...##.#.# #
####.#...#####.#.####
#.hY@#..## #...####..
#...#h.####
##...##... .Y.# ##..
##...##.. .# ####
#..###.. #..####.
##..##.. ##....#
######


You could see 2 yaks and 2 wolves.

Vanquished Creatures
  Harold (D:7)
  A two-headed ogre (D:8)
  The ghost of runemasterragnar the Fighter, a novice OgGl (D:5)
  An unseen horror (D:10)
  A manticore (D:11)
  An ice statue (IceCv)
  A gargoyle (D:10)
  2 trolls
  A polar bear (IceCv)
  8 yaks
  2 black bears (D:10)
  3 orc warriors
  2 sky beasts (D:5)
  2 phantoms (D:4)
  An ice beast (D:7)
  2 necrophages
  3 wolves (IceCv)
  An eye of draining (D:8)
  7 ogres
  A centaur (D:6)
  A big kobold (D:11)
  5 bullfrogs
  A water moccasin skeleton (D:6)
  3 scorpions
  A wight (D:11)
  3 killer bees
  7 howler monkeys
  A bullfrog zombie (D:6)
  A hound (D:6)
  A quasit (D:6)
  9 orc priests
  6 jellies
  8 orc wizards
  6 iguanas
  8 worker ants
  A killer bee zombie (D:7)
  A hound zombie (D:6)
  2 hound skeletons
  2 howler monkey zombies (D:9)
  A worker ant zombie (D:7)
  16 adders
  4 gnolls (D:6)
  2 shadow imps
  3 white imps
  3 ufetubi
  2 oozes
  An adder skeleton (D:7)
  5 worms
  3 dart slugs (D:1)
  7 leopard geckos
  44 orcs
  4 ball pythons
  9 bats
  8 giant cockroaches
  9 goblins
  10 hobgoblins
  11 jackals
  12 kobolds
  4 quokkas
  4 frilled lizards
  A leopard gecko zombie (D:6)
  7 rats
279 creatures vanquished.

Vanquished Creatures (others)
  8 fungi (D:10)
  12 plants
20 creatures vanquished.

Grand Total: 299 creatures vanquished

Notes
Turn   | Place    | Note
-------+----------+-------------------------------------------
     0 | D:1      | oldmanjim the Minotaur Berserker began the quest for the
                  | Orb.
     0 | D:1      | Reached XP level 1. HP: 19/19 MP: 0/0
   295 | D:1      | Reached XP level 2. HP: 27/27 MP: 1/1
   561 | D:1      | Reached XP level 3. HP: 26/33 MP: 2/2
   808 | D:1      | Reached ** piety under Trog
  1336 | D:2      | Reached XP level 4. HP: 41/41 MP: 3/3
  1938 | D:3      | Reached skill level 5 in Axes
  1943 | D:3      | Reached skill level 5 in Fighting
  2104 | D:3      | Reached XP level 5. HP: 30/48 MP: 4/4
  2487 | D:3      | Reached *** piety under Trog
  3019 | D:4      | Reached XP level 6. HP: 57/57 MP: 5/5
  3030 | D:4      | Upgraded the game from 0.26.0-57-g60708a5e39 to
                  | 0.26.0-90-g5fd8617961
  3382 | D:4      | Found a glowing golden altar of the Shining One.
  3475 | D:4      | Reached XP level 7. HP: 64/64 MP: 6/6
  3750 | D:5      | Entered Level 5 of the Dungeon
  3750 | D:5      | Found a large runed translucent door.
  3760 | D:5      | Found a large runed translucent door.
  3760 | D:5      | Noticed runemasterragnar's ghost (novice OgGl)
  4012 | D:5      | Reached skill level 5 in Armour
  4522 | D:5      | Reached **** piety under Trog
  4523 | D:5      | Reached XP level 8. HP: 61/74 MP: 7/7
  5735 | D:5      | Killed runemasterragnar's ghost
  6170 | D:6      | Reached XP level 9. HP: 73/85 MP: 8/8
  6438 | D:6      | Reached skill level 10 in Fighting
  6665 | D:6      | Reached skill level 10 in Axes
  6913 | D:6      | Reached skill level 1 in Evocations
  7164 | D:7      | Noticed Harold
  7554 | D:7      | Found Ruoh's Gadget Emporium.
  7560 | D:7      | Bought a wand of iceblast (6) for 140 gold pieces
  7962 | D:7      | Killed Harold
  7962 | D:7      | Reached ***** piety under Trog
  7965 | D:7      | Reached skill level 5 in Evocations
  8147 | D:7      | Found a sparkling altar of Nemelex Xobeh.
  8158 | D:7      | Found a staircase to the Ecumenical Temple.
  8258 | D:8      | Found Vaerurad's Book Shoppe.
  8282 | D:8      | Found Tit Lae's Antique Weapon Shop.
  8291 | D:8      | Found Tust's Magic Scroll Shoppe.
  8301 | D:8      | Bought a scroll of magic mapping for 49 gold pieces
  8459 | D:8      | Noticed a two-headed ogre
  8463 | D:8      | Reached XP level 10. HP: 83/93 MP: 9/9
  8470 | D:8      | Killed a two-headed ogre
  8605 | D:8      | Found a sparkling altar of Nemelex Xobeh.
  8801 | D:8      | Found Zauror's Armour Shoppe.
  8805 | D:8      | Found Coseduf's Jewellery Boutique.
  9500 | D:9      | Received a gift from Trog
  9744 | D:9      | Found a radiant altar of Vehumet.
 10234 | D:10     | Entered Level 10 of the Dungeon
 10251 | D:10     | Noticed a gargoyle
 10258 | D:10     | Killed a gargoyle
 10416 | D:10     | Found a staircase to the Lair.
 10814 | D:10     | Killed an unseen horror
 10950 | D:10     | Reached XP level 11. HP: 91/104 MP: 10/10
 11364 | D:11     | Found a frozen archway.
 11370 | IceCv    | Entered an ice cave
 11444 | IceCv    | Slain by a yak

Illustrated notes

Levels and vault maps discovered:
D:1:      lightli_arrival_maybe_door_vault, layout_basic, interstate_on_off,
          serial_bayou_ford_a, minmay_worlds_worst_comb
D:2:      layout_loops_ring
D:3:      layout_loops_ring, serial_bayou_pond_d
D:4:      cheibrodos_pilgrimage, layout_cave_pools, old_standard_altar
D:5:      layout_loops_corners, ebering_ghost_disaster_area,
          minmay_chambers_of_fives
D:6:      kb_forest_paths, layout_basic
D:7:      layout_rooms, minmay_temple_entry_proselytizer, serial_shops, shop,
          nemelex_spade_bored_becter, uniq_harold
D:8:      layout_rooms, serial_shops, nicolae_shop_stone, shop, shop_statue,
          shop_fountains, shop, nemelex_xobeh_ov_fountains_minmay
D:9:      layout_stronghold, lemuel_crystal_altar
D:10:     layout_gridville, grunt_lair_entry_orc_guard_hut
D:11:     minmay_chambers_of_sevens, layout_stronghold, orc_0_dummy,
          portal_ice_cave_entry_pillars_1, enter_bailey_1,
          minmay_misc_feat_diagonals, kennysheep_generic_room_7, uniq_maurice
IceCv:    ice_cave_caverns_03

Skill      XL: |  1  2  3  4  5  6  7  8  9 10 11 |
---------------+----------------------------------+-----
Fighting       | 4 5 6 7 9 10 11 12 | 12.0
Axes           | 4 5 6 7 9 10 11 12 | 12.3
Armour         | 3 4 5 6 9 |  9.9
Dodging        | 3 6 |  6.0
Evocations     | 5 |  5.0

Action                   |  1- 3 |  4- 6 |  7- 9 | 10-12 || total
-------------------------+-------+-------+-------+-------++-------
Melee: Hand axe          |    79 |   134 |   280 |    67 ||   560
       Headbutt          |    12 |    18 |    63 |    39 ||   132
       Battleaxe         |       |       |       |   113 ||   113
 Fire: Hand crossbow     |       |    22 |    36 |     2 ||    60
Throw: Dart              |       |       |    16 |    56 ||    72
       Boomerang         |       |       |     1 |       ||     1
Invok: Berserk           |       |       |     2 |     1 ||     3
       Trog's Hand       |       |       |       |     1 ||     1
Evoke: Wand              |       |       |     1 |       ||     1
  Use: Scroll            |       |     8 |     8 |     3 ||    19
       Potion            |       |       |       |     2 ||     2
Armor: Ring mail         |    22 |     6 |       |       ||    28
       Chain mail        |       |    58 |   123 |    86 ||   267
Dodge: Dodged            |    55 |    85 |   148 |   121 ||   409
